 Dungeon Crawl Stone Soup version 0.17-a0-776-gd86b262 (webtiles) character file.

962 talyn the Conjurer (level 7, -14/36 HPs)
             Began as a Deep Elf Conjurer on Apr 25, 2015.
             Was an Initiate of Vehumet.
             Demolished by a hill giant
             ... wielding a +0 giant spiked club
              (24 damage)
             ... on level 5 of the Dungeon.
             The game lasted 00:22:20 (6250 turns).

talyn the Conjurer (Deep Elf Conjurer)              Turns: 6250, Time: 00:22:20

Health: -14/36     AC:  5    Str:  5    XL:     7   Next: 92%
Magic:  18/27      EV:  8    Int: 22    God:    Vehumet [......]
Gold:   119        SH:  0    Dex: 15    Spells: 5 memorised, 3 levels left

rFire  . . .     SeeInvis .     a - +2 short sword
rCold  . . .     Clarity  .     t - +1 robe {Archmagi}
rNeg   . . .     SustAb   .     (no shield)
rPois  .         Gourm    .     (no helmet)
rElec  .         Spirit   .     s - +1 cloak
rCorr  .         Warding  .     (no gloves)
rMut   .         Stasis   .     (no boots)
MR     .....                    (no amulet)
Stlth  ++........               (no ring)
                                o - ring of magical power

@: lethally poisoned (-14 -> -23), not resistant to hostile enchantments,
unstealthy
A: no striking features
a: Renounce Religion


You were on level 5 of the Dungeon.
You worshipped Vehumet.
Vehumet was noncommittal.
You were not hungry.

You visited 2 branches of the dungeon, and saw 6 of its levels.

You collected 276 gold pieces.
You spent 157 gold pieces at shops.

Inventory:

Hand weapons
 a - a +2 short sword (weapon)
 E - a +2 whip of electrocution
Armour
 s - a +1 cloak (worn)
 t - a +1 robe of the Archmagi (worn)
Jewellery
 o - a ring of magical power (left hand)
Magical devices
 u - a wand of flame (17)
 v - a wand of draining (11)
 y - a wand of fire (1)
 B - a wand of frost (37)
Scrolls
 e - 2 scrolls of amnesia
 j - 2 scrolls of magic mapping {unknown}
 n - a scroll of fog {unknown}
 w - 6 scrolls of remove curse
 A - a scroll of identify
 C - a scroll of noise {unknown}
 D - a scroll of enchant armour {unknown}
 F - 2 scrolls of teleportation
 G - a scroll of blinking
Potions
 g - 2 potions of agility
 i - 3 potions of heal wounds {unknown}
 k - a potion of magic {unknown}
 m - a potion of curing {unknown}
 p - 2 potions of brilliance {unknown}
 r - 2 potions of invisibility {unknown}
 x - a potion of haste {unknown}
 z - a potion of might {unknown}
Books
 b - a book of Conjurations

   Spells                             Type                      Level
   a - Magic Dart                     Conjuration                  1
   b - Searing Ray                    Conjuration                  2
   c - Dazzling Spray                 Conjuration/Hexes            3
   d - Fulminant Prism                Conjuration/Hexes            4
   e - Iskenderun's Mystic Blast      Conjuration                  4
   f - Iskenderun's Battlesphere      Conjuration/Charms           5
 l - a book of Envenomations

   Spells                             Type                      Level
   a - Spider Form                    Transmutation/Poison         3
   b - Alistair's Intoxication        Transmutation/Poison         4
   c - Olgreb's Toxic Radiance        Poison                       4
   d - Poisonous Cloud                Conjuration/Poison/Air       6
 H - a Fen Folio

   Spells                             Type                      Level
   a - Corpse Rot                     Necromancy                   2
   b - Stone Arrow                    Conjuration/Earth            3
   c - Leda's Liquefaction            Hexes/Earth                  4
   d - Summon Forest                  Summoning/Translocation      5
   e - Hydra Form                     Transmutation                6
   f - Summon Hydra                   Summoning                    7
Comestibles
 c - 3 bread rations
 d - 3 slices of pizza
 f - 5 fruits
 h - 3 meat rations
 q - 4 chunks of flesh


   Skills:
 * Level 5.9 Short Blades
 - Level 2.4 Dodging
 - Level 2.4 Stealth
 + Level 6.0 Spellcasting
 + Level 6.7 Conjurations
 + Level 3.7 Charms


You had 3 spell levels left.
You knew the following spells:

 Your Spells              Type           Power        Failure   Level  Hunger
a - Magic Dart            Conj           ####         1%          1    None
b - Searing Ray           Conj           ######       1%          2    None
c - Dazzling Spray        Conj/Hex       ####....     10%         3    #......
d - Iskenderun's Mystic   Conj           ######..     8%          4    ###....
e - Iskenderun's Battles  Conj/Chrm      #####...     34%         5    #####..


Dungeon Overview and Level Annotations

Branches:
Dungeon (5/15)             Temple (1/1) D:5

Altars:
Ashenzari
Cheibriados
Dithmenos
Elyvilon
Fedhas
Gozag
Kikubaaqudgha
Makhleb
Nemelex Xobeh
Okawaru
Qazlal
Ru
Sif Muna
Trog
Vehumet
Yredelemnul
Zin
The Shining One

Shops:
D:2 *   D:5 ?

Annotations:
D:5 4 runed doors


Message History

The hill giant is moderately wounded.
* * * LOW MAGIC WARNING * * *
The hill giant hits you with a giant spiked club!!
Ouch! That really hurt!
* * * LOW HITPOINT WARNING * * *
Some of the chunks of flesh in your inventory have rotted away.
You see here a giant spiked club.
There is an open door here.
Drink which item? (? for menu, Esc to quit)
Okay, then.
The hill giant is no longer blind.
A kobold comes into view.
The kobold shouts!
There is a staircase to the Ecumenical Temple here.
The kobold wields a blowgun.
The kobold shoots a poisoned needle.
The poisoned needle hits you!
You are poisoned.
The hill giant hits you with a giant spiked club!!
Ouch! That really hurt!
You die...

.## #. ##.#.# #.# ##
###.####....# #.#
................# #
##.##.##.##.#####
#.#.........#.#
#.............#
#.#..⌠...⌠..#.#
#.#.........#.#
#......@......# ######
#.#....C....#.# .....#
#.#.[⌠...⌠..#.# ###
####.# #.............#
#.. # #.#
###.........#.# ####.##
# #.# ##.##.##.##.#
#...... ## #.#
##K.##.##.#..# #.##.#.
.###.######.#.##.##....#
#......
...........###...####..#
#..####


You could see a hill giant and a kobold.

Vanquished Creatures
  Sigmund (D:2)
  A centaur (D:5)
  A black bear (D:5)
  An ogre (D:5)
  The ghost of sugabear the Shield-Bearer, an average GrFi (D:3)
  A centaur skeleton (D:4)
  A hound (D:5)
  3 iguanas
  2 worker ants
  A hound zombie (D:5)
  A hound skeleton (D:4)
  6 adders
  7 gnolls
  2 shadow imps (D:5)
  An ooze (D:4)
  An adder skeleton (D:5)
  6 worms
  5 giant geckos
  4 orcs
  A ball python (D:3)
  7 bats
  5 giant cockroaches
  13 goblins
  10 hobgoblins
  10 jackals
  4 quokkas
  A giant gecko skeleton (D:4)
  10 giant newts
  9 kobolds
  15 rats
131 creatures vanquished.

Notes
Turn   | Place    | Note
--------------------------------------------------------------
     0 | D:1      | talyn, the Deep Elf Conjurer, began the quest for the Orb.
     0 | D:1      | Reached XP level 1. HP: 10/10 MP: 6/6
   184 | D:1      | Reached XP level 2. HP: 15/15 MP: 2/8
   511 | D:1      | Reached skill level 5 in Conjurations
   952 | D:1      | Found an iron altar of Okawaru.
   966 | D:1      | Reached skill level 1 in Short Blades
   966 | D:1      | Reached XP level 3. HP: 19/19 MP: 6/10
  1250 | D:1      | Learned a level 1 spell: Magic Dart
  1253 | D:1      | Learned a level 2 spell: Searing Ray
  1257 | D:1      | Learned a level 3 spell: Dazzling Spray
  1986 | D:2      | Found Gozag's Platinum Reserve.
  2000 | D:2      | Reached XP level 4. HP: 24/24 MP: 12/12
  2253 | D:2      | Noticed Sigmund
  2260 | D:2      | Killed Sigmund
  2260 | D:2      | Reached XP level 5. HP: 21/28 MP: 14/14
  2343 | D:2      | Found an opulent altar of Gozag.
  2459 | D:2      | Learned a level 4 spell: Iskenderun's Mystic Blast
  2528 | D:3      | Noticed sugabear's ghost (average GrFi)
  2750 | D:3      | Reached XP level 6. HP: 32/32 MP: 15/15
  3073 | D:3      | Killed sugabear's ghost
  3073 | D:3      | Reached skill level 5 in Spellcasting
  3080 | D:3      | Learned a level 5 spell: Iskenderun's Battlesphere
  3893 | D:4      | Reached skill level 1 in Charms
  3932 | D:4      | Reached skill level 6 in Conjurations
  4252 | D:4      | Found a blossoming altar of Fedhas.
  4778 | D:4      | Reached XP level 7. HP: 36/36 MP: 16/16
  4979 | D:5      | Entered Level 5 of the Dungeon
  5142 | D:5      | Reached skill level 5 in Short Blades
  5218 | D:5      | HP: 1/36 [centaur/arrow (4)]
  5628 | D:5      | Found Feomorij's Magic Scroll Emporium.
  5681 | D:5      | Found a staircase to the Ecumenical Temple.
  5689 | D:5      | Bought a scroll of teleportation for 45 gold pieces
  5689 | D:5      | Bought a scroll of blinking for 112 gold pieces
  5970 | Temple   | Entered the Ecumenical Temple
  5985 | Temple   | Became a worshipper of Vehumet
  6096 | D:5      | Found a large runed door.
  6099 | D:5      | Found a large runed door.
  6122 | D:5      | Found a large runed door.
  6122 | D:5      | Found a large runed door.
  6182 | D:5      | Noticed a hill giant
  6250 | D:5      | Demolished by a hill giant

Action                   |  1- 3 |  4- 6 |  7- 9 || total
-------------------------+-------+-------+-------++-------
Melee: Whip              |     1 |       |       ||     1
 Cast: Magic Dart        |   108 |   140 |    67 ||   315
       Iskenderun's Myst |       |     3 |     2 ||     5
       Searing Ray       |       |     2 |     2 ||     4
       Dazzling Spray    |       |       |    13 ||    13
Evoke: Wand              |       |     3 |       ||     3
  Use: Scroll            |     3 |     5 |     1 ||     9
  Eat: Chunk             |     3 |     7 |     3 ||    13
       Royal jelly       |       |     1 |       ||     1
       Beef jerky        |       |       |     1 ||     1
